Map: [ESL] Hecate

Players

ByuN

  • Race: Terran Terran
  • Spawn Location: 7:00

Maru - Winner!

  • Race: Terran Terran
  • Spawn Location: 1:00

Event: IEM Katowice 2024

VOD

https://youtu.be/lMGgrXnTazU?t=1384

Description

Time

  • Played on: Feb. 11, 2024, 8:03 a.m.
  • Length: 10:10

All games in this series

Show
View Real Time Build Order
Export as new Build Order

ByuN Terran 

Build Orders: Cyclone Opening, Gas First Reaper Expand 

Get SALT Encoding   

  12  0:00  SCV  
  13  0:12  SCV  
  14  0:17  Supply Depot  
  14  0:24  SCV  
  14  0:27  Refinery  
  15  0:38  SCV  
  16  0:44  Barracks  
  16  0:50  SCV  
  17  1:02  SCV  
  18  1:14  SCV  
  19  1:30  Orbital Command, Reaper  
  20  1:41  Command Center  
  20  1:53  Factory  
  20  1:56  SCV  
  21  2:05  Marine  
  21  2:06  Supply Depot  
  21  2:08  SCV  
  23  2:14  Refinery  
  23  2:27  SCV, Marine  
  25  2:36  Hellion  
  27  2:39  SCV, Starport  
  28  2:46  Barracks Reactor  
  28  2:52  Orbital Command, SCV  
  28  2:57  Cyclone  
  31  3:04  SCV  
  32  3:10  Orbital Command  
  32  3:16  Medivac, SCV  
  35  3:23  Refinery  
  35  3:28  SCV  
  35  3:29  Supply Depot  
  35  3:32  Barracks Tech Lab  
  36  3:35  SCV  
  36  3:37  Cyclone x2  
  41  3:42  SCV  
  41  3:47  SCV  
  43  3:51  Supply Depot  
  43  3:54  SCV  
  44  3:58  Raven  
  44  4:00  SCV  
  47  4:04  Interference Matrix  
  47  4:06  SCV  
  48  4:10  Cyclone  
  48  4:12  SCV  
  48  4:16  Cyclone  
  53  4:20  SCV  
  53  4:24  SCV  
  53  4:32  SCV  
  53  4:36  SCV  
  55  4:42  Cyclone  
  55  4:44  SCV  
  55  4:47  Raven  
  55  4:48  Cyclone, SCV  
  55  4:50  Supply Depot  
  60  4:53  Barracks Tech Lab  
  60  4:57  SCV  
  60  4:58  Command Center  
  61  5:02  SCV  
  61  5:05  Supply Depot  
  62  5:12  Marine, SCV  
  62  5:13  Stimpack  
  64  5:14  SCV  
  64  5:16  Bunker  
  65  5:24  SCV  
  65  5:26  SCV  
  67  5:28  Starport Reactor  
  67  5:29  Barracks  
  67  5:33  Barracks  
  67  5:36  SCV  
  67  5:38  Siege Tank, Marine  
  67  5:39  SCV  
  67  5:42  Engineering Bay  
  73  5:45  Engineering Bay  
  73  5:47  Supply Depot  
  73  5:48  SCV  
  74  5:51  SCV  
  74  5:56  Marine  
  76  5:59  Refinery  
  76  6:00  SCV  
  76  6:03  SCV  
  74  6:09  Terran Infantry Weapons Level 1  
  74  6:10  Siege Tank  
  77  6:12  Supply Depot  
  77  6:13  Orbital Command, Marine  
  77  6:15  Starport Reactor  
  77  6:16  Marine x2  
  80  6:23  Barracks  
  80  6:29  Marine x2  
  80  6:31  Marine  
  83  6:33  Barracks, SCV x2  
  83  6:37  Marine  
  83  6:38  Marine  
  87  6:41  SCV, Supply Depot  
  68  6:47  SCV, Marine x2  
  68  6:49  Marine  
  68  6:52  Combat Shield, SCV  
  61  6:55  Marine x2  
  61  6:56  SCV  
  61  6:59  SCV  
  58  7:05  Marine x2  
  60  7:09  Marine  
  60  7:10  Siege Tank  
  60  7:12  Barracks Reactor  
  60  7:13  SCV  
  60  7:14  SCV  
  60  7:15  SCV  
  67  7:16  Marine  
  67  7:17  Marine  
  67  7:22  Medivac  
  72  7:26  Orbital Command, Terran Infantry Armor Level 1  
  72  7:29  Marine x3  
  75  7:31  Barracks Reactor  
  75  7:33  SCV x2  
  75  7:34  Marine  
  75  7:36  Marine  
  78  7:45  SCV x2  
  78  7:46  Medivac  
  78  7:47  Marine x3  
  78  7:50  Siege Tank  
  88  7:51  Marine  
  88  7:53  Marine, SCV  
  88  7:57  SCV x2  
  93  8:05  SCV, Marine  
  83  8:08  Marine x2  
  83  8:09  SCV x2  
  83  8:10  Marine  
  87  8:17  SCV  
  87  8:18  Marine x3  
  87  8:19  Marine x2  
  86  8:21  SCV x2  
  88  8:30  SCV  
  88  8:33  Marine x2, Armory, SCV x2  
  88  8:34  Marine  
  94  8:42  SCV  
  94  8:43  Marine  
  94  8:44  Sensor Tower  
  94  8:45  SCV  
  94  8:46  Marine x2  
  99  8:48  Marine  
  99  8:52  SCV  
  99  8:54  SCV, Medivac  
  104  8:56  Medivac  
  104  9:00  Marine x3  
  104  9:01  SCV  
  109  9:08  SCV x2  
  111  9:10  Marine x2  
  111  9:13  Marine x3  
  111  9:14  SCV  
  117  9:20  Marine  
  117  9:21  Siege Tank  
  117  9:23  SCV  
  117  9:24  Marine x2  
  100  9:25  Marine  
  100  9:28  Marine x2  
  100  9:31  Marine x3  
  101  9:38  Marine  
  102  9:41  Marine  
  102  9:42  Marine x2  
  104  9:46  Marine x2  
  104  9:48  Marine, SCV  
  104  9:49  SCV, Marine x2  
Show
View Real Time Build Order
Export as new Build Order

Maru Terran - Winner!

Build Orders: Cyclone Opening, Reaper Expand 

Get SALT Encoding   

  12  0:00  SCV  
  13  0:12  SCV  
  14  0:17  Supply Depot  
  14  0:24  SCV  
  15  0:38  SCV  
  15  0:40  Barracks  
  15  0:42  Refinery  
  16  0:51  SCV  
  17  1:03  SCV  
  18  1:15  SCV  
  19  1:27  Orbital Command, Reaper  
  20  1:40  Command Center  
  20  1:53  Supply Depot, SCV  
  21  1:59  Marine  
  22  2:05  SCV  
  22  2:08  Factory  
  23  2:15  Refinery  
  23  2:17  SCV  
  23  2:18  Marine  
  25  2:31  SCV  
  26  2:37  Barracks Reactor  
  26  2:43  SCV  
  27  2:52  Cyclone  
  27  2:53  Orbital Command  
  27  2:55  SCV, Refinery  
  30  2:58  Starport  
  30  3:07  SCV  
  31  3:18  SCV  
  31  3:19  SCV  
  33  3:21  Marine  
  34  3:30  Cyclone x2  
  34  3:31  SCV  
  34  3:32  Supply Depot, SCV  
  40  3:35  Medivac  
  40  3:40  Barracks Tech Lab  
  42  3:44  SCV x2  
  44  3:50  Supply Depot  
  44  3:56  SCV x2  
  44  4:02  Cyclone  
  48  4:08  SCV x2  
  50  4:12  Raven  
  51  4:18  Cyclone  
  51  4:20  SCV x2  
  52  4:29  Supply Depot  
  52  4:32  SCV x2  
  52  4:34  Cyclone  
  53  4:44  SCV x2  
  54  4:46  Raven  
  54  4:49  Interference Matrix, Marine  
  54  4:50  Cyclone, Supply Depot  
  59  4:56  SCV x2  
  61  5:06  Cyclone  
  63  5:08  SCV x2  
  63  5:11  Command Center  
  63  5:13  Marine  
  66  5:20  Viking  
  68  5:22  Cyclone, SCV x2  
  68  5:24  Supply Depot  
  72  5:31  Marine  
  72  5:34  SCV x2  
  75  5:46  Barracks x2, SCV  
  75  5:47  Supply Depot  
  76  5:51  Raven, Barracks Tech Lab  
  76  5:54  SCV  
  79  5:58  SCV  
  79  6:02  Factory Reactor  
  80  6:06  SCV, Engineering Bay x2  
  80  6:07  Refinery  
  80  6:10  Stimpack, Marine  
  82  6:16  SCV  
  82  6:18  Barracks  
  83  6:19  Barracks  
  83  6:24  Orbital Command  
  83  6:27  Marine, SCV  
  83  6:29  SCV  
  83  6:32  Starport Reactor  
  86  6:35  Terran Infantry Weapons Level 1, Terran Infantry Armor Level 1  
  87  6:42  SCV  
  87  6:43  SCV  
  87  6:45  Marine  
  78  6:50  SCV  
  66  6:54  SCV  
  66  6:55  SCV  
  60  7:02  SCV  
  60  7:06  Barracks Reactor x2, SCV  
  60  7:07  SCV  
  61  7:09  Siege Tank  
  61  7:11  Marine x3  
  61  7:12  Marine x2  
  61  7:14  SCV  
  69  7:19  SCV x2  
  70  7:23  Medivac x2  
  70  7:27  SCV  
  70  7:29  Marine x4  
  77  7:31  Marine  
  77  7:33  SCV x2  
  77  7:45  Marine x3  
  77  7:46  Marine  
  77  7:47  Marine x4  
  77  7:50  Combat Shield  
  85  7:53  Siege Tank, Marine  
  88  8:03  Marine x4  
  88  8:05  Marine x4  
  93  8:11  Marine  
  89  8:14  SCV x3  
  89  8:19  Medivac  
  92  8:20  Medivac  
  92  8:21  Marine x4  
  92  8:22  Marine  
  92  8:23  Marine x3  
  102  8:29  SCV x2, Marine  
  102  8:33  Siege Tank  
  108  8:36  Supply Depot  
  108  8:39  Marine x4  
  108  8:40  Marine x2  
  109  8:44  Marine x2  
  109  8:47  Marine  
  112  8:50  Armory  
  112  8:56  Marine  
  112  8:57  Marine x3  
  112  9:00  Marine x2  
  112  9:02  Marine  
  119  9:06  SCV x2  
  119  9:07  Marine  
  119  9:08  Marine  
  121  9:14  Marine x2  
  119  9:22  Marine x3  
  119  9:23  Marine x2  
  106  9:25  Marine x2  
  106  9:30  Siege Tank  
  111  9:32  Marine  
  111  9:34  Marine  
  113  9:39  Marine  
  113  9:40  Marine x3  
  113  9:41  Marine  
  113  9:43  Marine x2  
  120  9:50  Marine  
  120  9:51  Marine  

Tags
 
Add a new tag
Caveats
  • Supply blocks, unpowered buildings, or Contaminate may cause inaccurate times.
  • Supply counts are checked every 10 seconds.